 Dungeon Crawl Stone Soup version 0.28.0-1-gb440e238dd (webtiles) character file.

Game seed: 10856120638958677532

49 fragbeetle the Bolt Thrower (level 3, 0/30 HPs)
             Began as a Minotaur Hunter on Feb 24, 2022.
             Killed by divine providence
             ... invoked by an orc priest
              (12 damage)
             ... on level 3 of the Dungeon.
             The game lasted 00:03:12 (1744 turns).

fragbeetle the Bolt Thrower (Minotaur Hunter)       Turns: 1744, Time: 00:03:13

Health: 0/30       AC:  6    Str: 16    XL:     3   Next: 51%
Magic:  2/2        EV:  9    Int:  8    God:
Gold:   63         SH:  0    Dex: 12    Spells: 2/2 levels left

rFire   . . .      SeeInvis .   a - +1 hand crossbow
rCold   . . .      Faith    .   (no shield)
rNeg    . . .      Spirit   .   k - +0 scale mail
rPois   .          Reflect  .   (helmet restricted)
rElec   .          Harm     .   (no cloak)
rCorr   +          Rampage  .   (no gloves)
Will    .....                   (no boots)
Stlth   ..........              (no amulet)
HPRegen 0.10/turn               n - ring of resist corrosion
MPRegen 0.08/turn               g - ring of wizardry

@: no status effects
A: horns 2, retaliatory headbutt
a: no special abilities


You were on level 3 of the Dungeon.
You visited 1 branch of the dungeon, and saw 3 of its levels.

You collected 63 gold pieces.

Inventory:

Hand Weapons
 a - a +1 hand crossbow (weapon)
 b - a +0 mace
 q - a +0 short sword
Missiles
 d - 15 bolts (quivered ammo)
 f - 9 poisoned darts
Armour
 c - a +0 leather armour
 k - a +0 scale mail (worn)
 m - a scarf of shadows
Jewellery
 g - a ring of wizardry (right hand)
 n - a ring of resist corrosion (left hand)
 o - a ring of ice
Scrolls
 e - a scroll of fear {unknown}
 j - a scroll of identify {unknown}
 p - a scroll of teleportation {unknown}
Potions
 h - a potion of lignification {unknown}
 i - a potion of flight {unknown}
 l - 2 potions of cancellation {unknown}


   Skills:
 - Level 2.4 Fighting
 + Level 5.8 Crossbows
 - Level 2.1 Dodging
 - Level 0.7 Stealth


You had 2 spell levels left.
You didn't know any spells.
Your spell library contained the following spells:

 Spells                   Type           Power      Damage    Failure   Level
 Animate Skeleton         Necr           0%         N/A       52%         1
 Apportation              Tloc           0%         N/A       52%         1
 Summon Small Mammal      Summ           0%         N/A       52%         1
 Ensorcelled Hibernation  Hex/Ice        0%         N/A       65%         2
 Passwall                 Tmut/Erth      0%         N/A       65%         2
 Swiftness                Air            0%         N/A       86%         3


Dungeon Overview and Level Annotations

Branches:
Dungeon (3/15)

Altars:

Shops:
D:2 (


Innate Abilities, Weirdness & Mutations

You have a pair of horns on your head.
You reflexively headbutt those who attack you in melee.


Message History

Fire: 21 bolts
Press: ? - help, Q - select action, (/) - cycle Shift-Dir - straight line, f/p - orc priest
Aim: an orc priest, wielding a +0 club and wearing a +0 leather armour (65% to hit)
You shoot a bolt. The bolt hits the orc priest.
The orc priest is lightly wounded.
The orc priest hits you but does no damage.
Fire: 20 bolts
Press: ? - help, Q - select action, (/) - cycle Shift-Dir - straight line, f/p - orc priest
Aim: an orc priest, wielding a +0 club and wearing a +0 leather armour (lightly wounded, 65% to hit)
You shoot a bolt. The bolt hits the orc priest.
The orc priest is lightly wounded.
The orc priest hits you but does no damage.
Fire: 19 bolts
Press: ? - help, Q - select action, (/) - cycle Shift-Dir - straight line, f/p - orc priest
Aim: an orc priest, wielding a +0 club and wearing a +0 leather armour (lightly wounded, 65% to hit)
You shoot a bolt.
The bolt hits the orc priest but does no damage.
The orc priest is lightly wounded.
The orc priest hits you but does no damage.
Fire: 18 bolts
Press: ? - help, Q - select action, (/) - cycle Shift-Dir - straight line, f/p - orc priest
Aim: an orc priest, wielding a +0 club and wearing a +0 leather armour (lightly wounded, 65% to hit)
You shoot a bolt. The bolt closely misses the orc priest.
The bolt hits the hobgoblin.
The hobgoblin is moderately wounded.
The orc priest hits you but does no damage.
Fire: 17 bolts
Press: ? - help, Q - select action, (/) - cycle Shift-Dir - straight line, f/p - orc priest
Aim: an orc priest, wielding a +0 club and wearing a +0 leather armour (lightly wounded, 65% to hit)
You shoot a bolt. The bolt hits the orc priest.
The orc priest is moderately wounded.
The orc priest hits you with a +0 club. The orc priest barely misses you.
Fire: 16 bolts
Press: ? - help, Q - select action, (/) - cycle Shift-Dir - straight line, f/p - orc priest
Aim: an orc priest, wielding a +0 club and wearing a +0 leather armour (moderately wounded, 65% to hit)
You shoot a bolt. The bolt hits the orc priest.
The orc priest is heavily wounded.
The orc priest invokes the aid of Beogh against you.
Beogh smites you!
You die...

#####
#...############
#.#.....@ogo....
#...############
##.## #.#
#########.#
#.........#
#.######### #.#
#.#


You could see an orc priest, an orc and a hobgoblin.

Vanquished Creatures
  An adder (D:2)
  A worm (D:2)
  2 dart slugs (D:1)
  2 orcs (D:3)
  A ball python (D:2)
  4 bats
  6 endoplasms
  3 giant cockroaches
  5 hobgoblins
  2 frilled lizards
  A rat (D:2)
28 creatures vanquished.

Notes
Turn   | Place    | Note
-------+----------+-------------------------------------------
     0 | D:1      | fragbeetle the Minotaur Hunter began the quest for the Orb.
     0 | D:1      | Reached XP level 1. HP: 18/18 MP: 0/0
   241 | D:1      | Reached XP level 2. HP: 25/25 MP: 1/1
   312 | D:1      | Reached skill level 5 in Crossbows
   358 | D:1      | Found a faded altar of an unknown god.
   775 | D:2      | Reached XP level 3. HP: 9/30 MP: 2/2
  1162 | D:2      | Found Ufafoss's Antique Weapon Shop.
  1744 | D:3      | Killed from afar by an orc priest

Illustrated notes

Levels and vault maps discovered:
D:1:      ncdulo_wetmaze, layout_loops_ring, basic_ecumenical_altar
D:2:      layout_loops_ring, serial_shops, shop_statue, serial_park_tiny_pond,
          minmay_between
D:3:      layout_loops_ring, nicolae_figureground_sparkle

Skill      XL: |  1  2 |
---------------+-------+-----
Crossbows      | 5 |  5.8
Fighting       | |  2.4
Dodging        | |  2.1
Stealth        | |  0.7

Action                   || total
-------------------------++-------
Melee: Mace              ||     2
       Headbutt          ||     2
       Hand crossbow     ||     1
 Fire: Hand crossbow     ||    60
Armor: Scale mail        ||    10
Dodge: Dodged            ||    15
